 Dungeon Crawl Stone Soup version 0.29-a0-321-gf1c400731a (webtiles) character file.

Game seed: 4681114942927030471

80 Murumi the Bolt Thrower (level 3, -1/29 HPs)
             Began as a Demigod Hunter on Apr 4, 2022.
             Succumbed to a gnoll's poison
             ... on level 3 of the Dungeon.
             The game lasted 00:06:19 (1510 turns).

Murumi the Bolt Thrower (Demigod Hunter)            Turns: 1510, Time: 00:06:19

Health: -1/29      AC:  8    Str: 12    XL:     3   Next: 98%
Magic:  2/5        EV: 12    Int: 15    God:
Gold:   119        SH:  0    Dex: 17    Spells: 2/2 levels left

rFire   . . .      SeeInvis .   a - +1 hand crossbow (freeze)
rCold   . . .      Faith    .   (no shield)
rNeg    . . .      Spirit   +   b - +1 leather armour
rPois   .          Reflect  .   (no helmet)
rElec   .          Harm     .   (no cloak)
rCorr   .          Rampage  .   (no gloves)
Will    .....                   (no boots)
Stlth   ++........              i - amulet of guardian spirit
HPRegen 0.09/turn               g - +4 ring of protection
MPRegen 0.09/turn               (no ring)

@: lethally poisoned (-1 -> -39), about to teleport
A: high MP 1, forlorn, divine attributes
a: no special abilities


You were on level 3 of the Dungeon.
You visited 1 branch of the dungeon, and saw 4 of its levels.

You collected 159 gold pieces.
You spent 40 gold pieces at shops.

Inventory:

Hand Weapons
 a - a +1 hand crossbow of freezing (weapon)
 e - a +0 long sword
Armour
 b - a +1 leather armour (worn)
Jewellery
 g - a +4 ring of protection (left hand)
 i - an amulet of guardian spirit (around neck)
Scrolls
 c - a scroll of immolation
 f - a scroll of blinking
Potions
 d - 2 potions of flight
 h - a potion of curing {unknown}
 k - a potion of might


   Skills:
 - Level 2.0 Fighting
 - Level 1.0 Long Blades
 - Level 4.0 Crossbows
 - Level 1.0 Armour
 - Level 2.0 Dodging
 + Level 2.7 Stealth


You had 2 spell levels left.
You didn't know any spells.
Your spell library was empty.

Dungeon Overview and Level Annotations

Branches:
Dungeon (4/15)
 Temple: D:4-7

Shops:
D:2 *


Innate Abilities, Weirdness & Mutations

You have an increased reservoir of magic. (+10% MP)
You shall have no god before yourself.
Your divine heritage dramatically boosts your attributes as you level up.


Message History

The ball python grabs you.
You stop descending the stairs.
The ball python constricts you. The gnoll hits you with a +0 flail.
A gnoll comes into view. It is wielding a +0 halberd of venom.
Unknown command.
The ball python's grasp on you weakens, but your attempt to escape fails.
The ball python barely misses you. The ball python constricts you.
The gnoll closely misses you.
Unknown command.
You escape the ball python's grasp.
The gnoll hits you with a +0 club.
The ball python attacks as you move away!
The ball python bites you but does no damage.
An orc comes into view. It is wielding a +0 hand axe.
You shoot a bolt. The orc shouts!
The bolt hits the ball python.
The bolt freezes the ball python.
You kill the ball python!
You shoot a bolt.
The bolt hits the gnoll but does no damage.
An orc comes into view. It is wielding a +0 falchion.
The gnoll closely misses you. x2
Shoot: a) +1 hand crossbow (freeze)
Press: ? - help, Q - select action Shift-Dir - straight line, f - orc, p - gnoll
Aim: an orc, wielding a +0 falchion (wandering, hasn't noticed you, 65% to hit)
You shoot a bolt. The orc shouts!
The bolt hits the gnoll!
The bolt freezes the gnoll.
The gnoll is severely wounded.
The gnoll hits you from afar with a +0 halberd of venom!
You are poisoned.
The gnoll closely misses you.
The gnoll hits you from afar with a +0 halberd of venom!
* * * LOW HITPOINT WARNING * * *
You are more poisoned.
The gnoll barely misses you.
Okay, then.
Unknown command.
Okay, then.
As you read the scroll of teleportation, it crumbles to dust.
You feel strangely unstable.
You die...

#..... .
..#.# ..
#.#.#
...##...#
...o...##
#..o..
#.#.#.g###
#.....gg@+
...#..#.###
+.....
##.#..#
#+#..# ....
...# ...#


You could see 3 gnolls and 2 orcs.

Vanquished Creatures
  3 adders
  3 worms
  2 dart slugs
  4 ball pythons
  A bat (D:1)
  An endoplasm (D:1)
  4 giant cockroaches
  7 hobgoblins
  4 jackals
  A frilled lizard (D:2)
  2 goblins
  5 kobolds
  2 rats
39 creatures vanquished.

Notes
Turn   | Place    | Note
-------+----------+-------------------------------------------
     0 | D:1      | Murumi the Demigod Hunter began the quest for the Orb.
     0 | D:1      | Reached XP level 1. HP: 17/17 MP: 3/3
    20 | D:1      | Reached skill level 1 in Stealth
   151 | D:1      | Reached skill level 4 in Crossbows
   151 | D:1      | Reached XP level 2. HP: 15/24 MP: 4/4
  1099 | D:2      | Reached XP level 3. HP: 29/29 MP: 5/5
  1125 | D:2      | Reached skill level 1 in Armour
  1145 | D:2      | Found Riydum's General Store.
  1170 | D:2      | Reached skill level 1 in Long Blades
  1173 | D:2      | Bought a scroll of identify for 20 gold pieces
  1173 | D:2      | Bought a scroll of identify for 20 gold pieces
  1446 | D:2      | You fall into a shaft and drop 2 floors!
  1510 | D:3      | Succumbed to a gnoll's poison

Illustrated notes

Levels and vault maps discovered:
D:1:      eino_arrival_cavern_b, layout_basic, chequers_serial_rivers_micro_d
D:2:      layout_basic, serial_shops, nicolae_shop_hallway_plus
D:3:      layout_basic, chequers_ecumenical_altar_simple_redux,
          kennysheep_decorative_pillar, uniq_terence
D:4:      layout_gridville, mainiacjoe_overflow_alcove_2,
          ebering_ghost_disaster_area, serial_shops, shop

Skill      XL: |  1  2  3 |
---------------+----------+-----
Stealth        | 1 2 |  2.7
Fighting       | 2 |  2.0
Crossbows      | 4 |  4.0
Dodging        | 2 |  2.0
Armour         | 1 |  1.0
Long Blades    | 1 |  1.0

Action                   || total
-------------------------++-------
 Fire: Hand crossbow     ||   106
  Use: Scroll            ||     8
Armor: Leather armour    ||    16
Dodge: Dodged            ||    36

Table legend: (Time is in decaauts)
 A = Elapsed time spent in this place.
 B = Non-inter-level travel time spent in this place.
 C = Inter-level travel time spent in this place.
 D = Time resting spent in this place.
 E = Time spent auto-exploring this place.
 F = Levels seen in this place.
 G = Mean time per level.
                   A        B        C        D        E       F      G
               +--------+--------+--------+--------+--------+-----+--------+
         Total |   1549 |   1425 |    124 |      0 |   1175 |   4 |  387.2 |
       Dungeon |   1549 |   1425 |    124 |      0 |   1175 |   4 |  387.2 |
               +--------+--------+--------+--------+--------+-----+--------+

Top non-repeatable levels by time:
     D:1: 1015 daAuts
     D:2: 467 daAuts
     D:4: 58 daAuts
     D:3: 8 daAuts
